 Dungeon Crawl Stone Soup version 0.20.0-15-g7f486f2 (webtiles) character file.

3831 maniacrov the Cleaver (level 9, -6/79 HPs)
             Began as a Minotaur Fighter on June 13, 2017.
             Was a Believer of Trog.
             Mangled by a yak (8 damage)
             ... on level 1 of the Lair of Beasts.
             The game lasted 00:26:50 (8225 turns).

maniacrov the Cleaver (Minotaur Fighter)            Turns: 8225, Time: 00:26:50

Health: -6/79      AC:  8    Str: 26    XL:     9   Next: 97%
Magic:  0/8        EV:  9    Int:  5    God:    Trog [**....]
Gold:   348        SH: 12    Dex: 10    Spells: 8/8 levels left

rFire    . . .     SeeInvis .   a - +0 war axe
rCold    . . .     Gourm    .   c - +0 shield
rNeg     . . .     Faith    .   o - +0 chain mail
rPois    .         Spirit   +   A - +0 hat
rElec    .         Reflect  .   (no cloak)
rCorr    .         Harm     .   n - +0 pair of gloves
MR       .....                  (no boots)
Stlth    ..........             b - amulet of guardian spirit
Regen    0.3/turn               (no ring)
MPRegen  0.2/turn               (no ring)

@: no status effects
A: retaliatory headbutt, horns 2, deformed body, strong 1
a: Berserk, Trog's Hand, Burn Spellbooks, Renounce Religion


You were on level 1 of the Lair of Beasts.
You worshipped Trog.
Trog was pleased with you.
You were not hungry.

You visited 2 branches of the dungeon, and saw 9 of its levels.

You collected 438 gold pieces.
You spent 90 gold pieces at shops.

Inventory:

Hand Weapons
 a - a +0 war axe (weapon)
Armour
 c - a +0 shield (worn)
 n - a +0 pair of gloves (worn)
 o - a +0 chain mail (worn)
 A - a +0 hat (worn)
Jewellery
 b - an amulet of guardian spirit (around neck)
Wands
 m - a wand of polymorph (4/24)
 q - a wand of scattershot (5/9)
 s - a wand of digging (7/24)
 w - a wand of lightning (8/15)
 y - a wand of paralysis (13/24)
 C - a wand of enslavement (9/24)
 E - a wand of iceblast (4/15)
Scrolls
 e - 4 scrolls of teleportation
 i - 4 scrolls of remove curse
 j - a scroll of noise {unknown}
 l - 2 scrolls of recharging
 p - 4 scrolls of fear
 r - a scroll of amnesia {unknown}
 t - a scroll of silence {unknown}
 v - 2 scrolls of fog
 B - a scroll of random uselessness {unknown}
 D - a scroll of identify
 G - a scroll of holy word {unknown}
 H - a scroll of enchant armour {unknown}
Potions
 d - a potion of mutation
 g - 3 potions of flight
 h - a potion of magic {unknown}
 u - a potion of ambrosia
 z - a potion of heal wounds {unknown}
Comestibles
 f - 3 bread rations
 F - 3 fruits


   Skills:
 + Level 7.4 Fighting
 + Level 10.1 Axes
 + Level 9.2 Armour
 + Level 3.7 Dodging
 + Level 0.5 Stealth
 + Level 8.7 Shields
 + Level 0.6 Evocations


You had 8 spell levels left.
You didn't know any spells.

Dungeon Overview and Level Annotations

Branches:
Dungeon (8/15)             Temple (0/1) D:7            Lair (1/6) D:8

Altars:
Cheibriados
Dithmenos
Hepliaklqana
Makhleb
Nemelex Xobeh
Ru
Trog

Shops:
D:6 ?


Innate Abilities, Weirdness & Mutations

You reflexively headbutt those who attack you in melee.
You have a pair of horns on your head.
Armour fits poorly on your strangely shaped body.
Your muscles are strong. (Str +2)


Message History

You block the yak's attack. The yak gores you. The yak gores you!
You block the yak's attack.
You slash the yak!
You kill the yak!
Trog accepts your kill.
You hit the yak. You slash the yak!
You kill the yak!
Trog accepts your kill.
You hit the yak. You hit the yak but do no damage. The yak gores you!
* * * LOW HITPOINT WARNING * * *
The yak gores you!
* * * LOW HITPOINT WARNING * * *
The yak gores you.
* * * LOW HITPOINT WARNING * * *
You feel better. The yak gores you.
* * * LOW HITPOINT WARNING * * *
The yak gores you but does no damage. The yak gores you!
* * * LOW HITPOINT WARNING * * *
The yak gores you!
You die...

...................
.../....$........?#
...[..?...........##
...................#
...................#
.../...............#
......>............###
...÷............YY)..#
♣..............$@Y..##
♣................Y.....#
♣##...#...............##
##..##..(....####..##
#......÷..<.# .##
##..........## ##
#............#
#.######....## ###
###...##


You could see 4 yaks.

Vanquished Creatures
  A hydra (Lair:1)
  A troll (D:8)
  4 yaks (Lair:1)
  A hungry ghost (D:7)
  An orc warrior (D:8)
  An ice beast (D:8)
  A necrophage (D:8)
  2 centaurs
  A wolf (D:8)
  3 bullfrogs
  A wyvern skeleton (D:6)
  7 killer bees (D:8)
  A scorpion (D:7)
  A crimson imp (D:7)
  6 hounds (D:8)
  5 jellies
  A bullfrog skeleton (D:3)
  A centaur skeleton (D:4)
  4 orc priests
  5 orc wizards
  A gnoll shaman (D:8)
  4 worker ants
  A hound zombie (D:5)
  A worker ant zombie (D:8)
  14 adders
  3 gnolls (D:8)
  2 shadow imps
  An adder zombie (D:6)
  An adder skeleton (D:5)
  A dart slug (D:4)
  2 worms
  4 leopard geckos
  18 orcs
  9 bats
  6 giant cockroaches
  3 goblins (D:1)
  9 hobgoblins
  14 jackals
  A quokka (D:4)
  3 frilled lizards
  4 kobolds
  A leopard gecko skeleton (D:7)
  8 rats
  3 bushes (D:5)
162 creatures vanquished.

Vanquished Creatures (others)
  3 jackals (D:1)
3 creatures vanquished.

Grand Total: 165 creatures vanquished

Notes
Turn   | Place    | Note
-------+----------+-------------------------------------------
     0 | D:1      | maniacrov the Minotaur Fighter began the quest for the Orb.
     0 | D:1      | Reached XP level 1. HP: 19/19 MP: 0/0
   177 | D:1      | Reached XP level 2. HP: 20/27 MP: 1/1
   836 | D:1      | Reached skill level 3 in Axes
   925 | D:2      | Found a sparkling altar of Nemelex Xobeh.
   927 | D:2      | Reached XP level 3. HP: 33/33 MP: 2/2
  1215 | D:2      | Found a burning altar of Makhleb.
  1216 | D:2      | Found a snail-covered altar of Cheibriados.
  1415 | D:2      | Reached XP level 4. HP: 38/40 MP: 3/3
  1584 | D:2      | Found a shadowy altar of Dithmenos.
  1586 | D:2      | Found a sacrificial altar of Ru.
  2170 | D:3      | Reached skill level 4 in Axes
  2170 | D:3      | Reached XP level 5. HP: 46/46 MP: 4/4
  2180 | D:3      | Reached skill level 1 in Dodging
  2180 | D:3      | Reached skill level 5 in Shields
  2312 | D:4      | Reached skill level 5 in Armour
  2352 | D:4      | Reached XP level 6. HP: 52/53 MP: 5/5
  2643 | D:4      | Found a hazy altar of Hepliaklqana.
  2676 | D:4      | Reached skill level 5 in Axes
  3084 | D:4      | Found a bloodstained altar of Trog.
  3103 | D:4      | Became a worshipper of Trog the Wrathful
  3175 | D:5      | Entered Level 5 of the Dungeon
  3980 | D:5      | Reached skill level 6 in Axes
  3980 | D:5      | Reached XP level 7. HP: 50/60 MP: 6/6
  4119 | D:5      | Reached skill level 5 in Fighting
  4424 | D:6      | Found Fegoded's Magic Scroll Shop.
  4427 | D:6      | Bought a scroll of fear for 35 gold pieces
  4427 | D:6      | Bought a scroll of fog for 20 gold pieces
  4427 | D:6      | Bought a scroll of magic mapping for 35 gold pieces
  5603 | D:7      | Reached skill level 7 in Axes
  5653 | D:7      | Noticed a hungry ghost
  5669 | D:7      | Reached XP level 8. HP: 46/69 MP: 7/7
  5680 | D:7      | Reached * piety under Trog
  5871 | D:7      | Found a staircase to the Ecumenical Temple.
  6547 | D:8      | Reached skill level 8 in Axes
  6888 | D:8      | Reached XP level 9. HP: 44/78 MP: 6/8
  7112 | D:8      | Found a staircase to the Lair.
  7112 | D:8      | Noticed a troll
  7133 | D:8      | Killed a troll
  7453 | D:8      | Reached skill level 9 in Axes
  7794 | Lair:1   | Entered Level 1 of the Lair of Beasts
  7846 | Lair:1   | Noticed a six-headed hydra
  7851 | Lair:1   | Gained mutation: Armour fits poorly on your strangely shaped body. [potion of mutation]
  7851 | Lair:1   | Gained mutation: Your muscles are strong. (Str +2) [potion of mutation]
  7859 | Lair:1   | HP: 2/117 [11-headed hydra (8)]
  7861 | Lair:1   | Killed a 13-headed hydra
  7861 | Lair:1   | Reached ** piety under Trog
  8218 | Lair:1   | Reached skill level 10 in Axes
  8225 | Lair:1   | HP: 2/79 [yak (9)]
  8225 | Lair:1   | Mangled by a yak

Skill      XL: |  1  2  3  4  5  6  7  8  9 |
---------------+----------------------------+-----
Shields        | 4 5 6 7 8 |  8.7
Axes           | 3 4 6 7 8 10 | 10.1
Fighting       | 4 5 6 7 |  7.4
Armour         | 4 5 6 7 9 |  9.2
Dodging        | 1 2 3 |  3.7
Stealth        | |  0.5
Evocations     | |  0.6

Action                   |  1- 3 |  4- 6 |  7- 9 || total
-------------------------+-------+-------+-------++-------
Melee: War axe           |    96 |   223 |   249 ||   568
       Headbutt          |    10 |    54 |    53 ||   117
Invok: Berserk           |       |       |     2 ||     2
Evoke: Wand              |       |       |     2 ||     2
  Use: Scroll            |     2 |     3 |     2 ||     7
       Potion            |     1 |       |     7 ||     8
  Eat: Fruit             |     3 |       |       ||     3
       Royal jelly       |       |     1 |     2 ||     3
       Bread ration      |       |     2 |     1 ||     3
       Meat ration       |       |       |     2 ||     2
Armor: Scale mail        |    44 |    44 |       ||    88
       Chain mail        |       |    46 |   128 ||   174
Dodge: Dodged            |    43 |    53 |    93 ||   189
Block: Shield            |    85 |   110 |   171 ||   366
